 Dungeon Crawl Stone Soup version 0.31-a0-931-g7b59d4eb97 (webtiles) character file.

Game seed: 8941184124301325921

21611 BigDaddyOpFi the Brooding (level 12, -2/8 HPs)
             Began as a Demonspawn Fighter on Oct 19, 2023.
             Was a Priest of Hepliaklqana.
             Succumbed to a water moccasin's poison
             ... on level 3 of the Lair of Beasts.
             The game lasted 00:20:52 (13127 turns).

BigDaddyOpFi the Brooding (Demonspawn Fighter)     Turns: 13127, Time: 00:20:53

Health: -2/8       AC: 10    Str: 21    XL:     12   Next: 55%
Magic:  22/22      EV: 11    Int: 11    God:    Hepliaklqana [***...]
Gold:   1000       SH:  0    Dex: 12    Spells: 11/11 levels left

rFire   + + .        J - melded +1 war axe (freeze)
rCold   + . .        E - melded +0 kite shield
rNeg    . . .        M - +2 plate armour {rF+}
rPois   +            (helmet restricted)
rElec   .            o - scarf {rC+ rF+}
rCorr   .            L - melded +2 pair of gloves
SInv    .            (no boots)
Will    .....        (no amulet) Stlth
                     e - +5 ring of evasion
HPRegen 0.21/turn    g - +4 ring of slaying
MPRegen 0.36/turn

%: guardian spirit
@: lethally poisoned (-2 -> -16), blade hands
A: reduced hp, reduced essence, horns 1, thin metallic scales 2, powered by pain
1, magic shield, magic regeneration, poison resistance, shaggy fur 1, no potion
heal 1, inability to drink after injury 1
a: Begin Untransformation, Renounce Religion, Recall Ancestor, Ancestor
Identity, Transference


You were on level 3 of the Lair of Beasts.
You worshipped Hepliaklqana.
Hepliaklqana was most pleased with you.
You had blades for hands.
You visited 2 branches of the dungeon, and saw 13 of its levels.
You also visited: Volcano.

You collected 1001 gold pieces.
You spent 1 gold pieces at shops.

Inventory:

Hand Weapons
 a - a +1 war axe
 y - a +0 orcbow
 C - a -1 hand cannon
 J - a +1 war axe of freezing (melded)
Missiles
 k - 3 throwing nets
Armour
 b - a +0 scale mail
 c - a +0 buckler
 o - a scarf of resistance (worn)
 u - a +0 pair of gloves
 E - a +0 kite shield (melded)
 G - +0 steam dragon scales
 H - a +1 chain mail
 L - a +2 pair of gloves (melded)
 M - a +2 plate armour of fire resistance (worn)
Magical Staves
 j - the staff "Zoewk" {rElec rCorr Str+4 Air}
   (You found it on level 2 of the Dungeon)

   [staff of air]

   Base accuracy: +5 Base damage: 5 Base attack delay: 1.2 This weapon's minimum
   attack delay (0.6) is reached at skill level 12.
   Str+4:     It affects your strength (+4).
   rElec:     It insulates you from electricity.
   rCorr:     It protects you from acid and corrosion.
   Air:       It increases the power of your Air spells.
   It falls into the 'Staves' category.
   It is a one-handed weapon.
Jewellery
 e - a +5 ring of evasion (left blade hand)
 g - a +4 ring of slaying (right blade hand)
 s - a +6 ring of intelligence
 K - a ring of flight
 O - an amulet of the acrobat
Talismans
 p - a blade talisman (active)
Wands
 x - a wand of paralysis (23)
 B - a wand of digging (7) (quivered)
 F - a wand of flame (12)
Scrolls
 d - a scroll of amnesia
 h - 4 scrolls of teleportation
 m - 5 scrolls of noise
 n - 3 scrolls of fear
 r - 2 scrolls of fog
 z - a scroll of revelation
 I - a scroll of silence
 N - 4 scrolls of identify
Potions
 f - a potion of magic
 i - 3 potions of curing
 l - a potion of degeneration
 q - 2 potions of ambrosia
 w - a potion of cancellation {unknown}
 A - a potion of attraction
 D - 3 potions of brilliance


   Skills:
 + Level 10.0 Fighting
 + Level 8.8 Axes
 + Level 8.9 Armour
 + Level 8.9 Shields
 * Level 13.5 Invocations


You had 11 spell levels left.
You didn't know any spells.
Your spell library contained the following spells:

 Spells                   Type           Power      Damage    Failure   Level
 Sublimation of Blood     Necr           0%         N/A       100%        2
 Wereblood                Tmut           0%         N/A       100%        2
 Ozocubu's Armour         Ice            0%         N/A       100%        3
 Tukima's Dance           Hex            0%         N/A       100%        3
 Passage of Golubria      Tloc           0%         N/A       100%        4
 Summon Ice Beast         Ice/Summ       0%         N/A       100%        4
 Alistair's Intoxication  Tmut/Pois      0%         N/A       100%        5
 Borgnjor's Vile Clutch   Necr/Erth      0%         N/A       100%        5
 Summon Mana Viper        Hex/Summ       0%         N/A       100%        5
 Yara's Violent Unravell  Hex/Tmut       0%         3d3       100%        5
 Eringya's Noxious Bog    Tmut/Pois      0%         4d6       100%        6
 Monstrous Menagerie      Summ           0%         N/A       100%        7
 Ozocubu's Refrigeration  Ice            0%         4d7       100%        7
 Summon Hydra             Summ           0%         N/A       100%        7


Dungeon Overview and Level Annotations

Branches:
Dungeon (10/15)            Temple (0/1) D:7            Lair (3/5) D:9
 Shoals (0/4) Lair:2          Orc (0/2) D:10        Volcano (visited)
  Snake: Lair:2-3    Spider: Lair:2-3

Altars:
Dithmenos
Hepliaklqana
Qazlal
Ru
Sif Muna
Xom

Shops:
D:7 [   D:9 *   D:10 (

Annotations:
Lair:3 Snorg


Innate Abilities, Weirdness & Mutations

You have blades for hands.
Your maximum health is decreased, since you lack skill for your form.
You are incapable of wielding weapons or throwing items.
Your life essence is reduced to manifest your ancestor. (-10% HP)
You have a pair of small horns on your head.
You are mostly covered in thin metallic scales. (AC +3)
You sometimes gain a little power by taking damage.
When hurt, damage is shared between your health and your magic reserves.
You regenerate magic rapidly.
Your system is resistant to poisons. (rPois)
You are covered in fur. (AC +1)
Potions are less effective at restoring your health.
You occasionally lose the ability to drink potions when taking damage.


Message History

FuckDick blocks the yak's attack.
The elephant closely misses you. The elephant trunk-slaps you.
You hit the elephant. Your headbutt misses the elephant.
The elephant is almost dead.
A death yak comes into view.
The elephant closely misses you.
The elephant trunk-slaps you but does no damage.
You hit the elephant.
You headbutt the elephant, but do no damage.
The elephant is almost dead.
The water moccasin closely misses FuckDick.
FuckDick hits the elephant with a +0 flail.
The elephant dies!
Your Fighting skill increases to level 10!
The water moccasin bites FuckDick but does no damage.
FuckDick blocks the water moccasin's attack.
FuckDick misses the water moccasin.
You see here an elephant corpse.
You swap places.
The water moccasin bites you but does no damage.
You hit the water moccasin. You headbutt the water moccasin.
The water moccasin is moderately wounded.
The water moccasin closely misses you.
You hit the water moccasin.
The water moccasin is heavily wounded.
The water moccasin bites you.
You are lethally poisoned!
The water moccasin poisons you!
The water moccasin bites you but does no damage.
You slash the water moccasin!
The water moccasin is severely wounded.
Ouch! That really hurt!
* * * LOW HITPOINT WARNING * * *
You focus on the pain.
You feel your power returning.
You feel very sick.
The water moccasin bites you but does no damage.
You hit the water moccasin but do no damage.
The water moccasin is severely wounded.
Ouch! That really hurt!
You die...

..# .....####..#
#.# ###
...........## ..#
...##..###..##...#
#.##.#.....#.#..#
##.#%##.##.#..#
#.. ##.#.# #. #.#
#...# ..# #. #R#.#
P..# # #@#.#...#
#S#...#..#
#YY......#
##T#.##..#. #:#.##
#. #!..y.#.##
#Y.###S ## .. ###


You could see the friendly FuckDick the knight, Snorg, a death yak, a yak and a
water moccasin (ally target).

Vanquished Creatures
  A boulder beetle (Lair:2)
  The ghost of soul19 the Frost Mage, a novice GnIE (D:9)
  A sun demon (Volcano)
  A skyshark (Lair:3)
  An orc sorcerer (Volcano)
  An ugly thing (Volcano)
  5 elephants
  2 molten gargoyles (Volcano)
  6 cane toads
  A gargoyle (D:10)
  A rime drake (Lair:3)
  4 komodo dragons
  2 red devils (Volcano)
  A polar bear (Lair:1)
  A queen bee (Lair:3)
  2 meliai (Lair:2)
  Sigmund (D:6)
  A shadow (D:9)
  2 wyverns (Lair:2)
  A basilisk (Lair:3)
  A fire bat (Volcano)
  A steam dragon (D:8)
  10 yaks
  A hell hound (Volcano)
  7 water moccasins
  An ice beast (D:5)
  5 orc warriors
  A black bear (D:9)
  A wolf (Lair:3)
  2 ogres (D:5)
  2 centaurs
  4 phantoms
  A kobold brigand (D:8)
  12 bullfrogs
  2 scorpions
  5 wights
  16 killer bees
  A howler monkey (D:9)
  An electric eel (Lair:3)
  3 lava snakes (Volcano)
  6 jellies
  4 hounds
  4 orc priests
  2 sleepcaps
  5 iguanas
  10 orc wizards
  A hell rat (Lair:3)
  12 adders
  11 gnolls
  A shadow imp (D:7)
  A worm (D:5)
  A dart slug (D:2)
  30 orcs
  4 ball pythons
  9 bats
  9 endoplasms
  4 giant cockroaches
  4 goblins
  5 hobgoblins
  2 jackals (D:2)
  5 quokkas
  4 frilled lizards
  7 kobolds
  2 rats (D:1)
256 creatures vanquished.

Vanquished Creatures (collateral kills)
  A black mamba (Lair:3)
  3 elephants
  2 cane toads
  A rime drake (Lair:3)
  A meliai (Lair:3)
  3 blink frogs
  A fire bat (Volcano)
  2 yaks (D:9)
  A water moccasin (Lair:3)
  A black bear (D:9)
  A bullfrog (D:9)
  A wight (D:9)
  5 killer bees
  A lava snake (Volcano)
  An orc priest (D:10)
  A river rat (Lair:3)
  An orc (D:10)
27 creatures vanquished.

Vanquished Creatures (others)
  An ancestor (D:10)
  2 knights
  An orc wizard (D:8)
  An orc (D:8)
5 creatures vanquished.

Grand Total: 288 creatures vanquished

Notes
Turn   | Place    | Note
-------+----------+-------------------------------------------
     0 | D:1      | BigDaddyOpFi the Demonspawn Fighter began the quest for the
                  | Orb.
     0 | D:1      | Reached XP level 1. HP: 18/18 MP: 1/1
   215 | D:1      | Gained mutation: You are partially covered in thin metallic
                  | scales. (AC +2) [demonic ancestry]
   215 | D:1      | Reached XP level 2. HP: 16/24 MP: 2/2
   663 | D:2      | Identified the staff "Zoewk" {rElec rCorr Str+4 Air}
   666 | D:2      | Gained mutation: You have a pair of small horns on your
                  | head. [demonic ancestry]
   666 | D:2      | Reached XP level 3. HP: 29/29 MP: 3/3
   753 | D:2      | Gained mutation: You regenerate magic rapidly. [demonic
                  | ancestry]
   753 | D:2      | Reached XP level 4. HP: 34/35 MP: 4/4
  1693 | D:4      | Noticed a phantom
  1698 | D:4      | Gained mutation: A frigid envelope surrounds you and
                  | freezes all who hurt you. [potion of mutation]
  1698 | D:4      | Gained mutation: You occasionally lose the ability to drink
                  | potions when taking damage. [potion of mutation]
  1698 | D:4      | Gained mutation: You are covered in fur. (AC +1) [potion of
                  | mutation]
  1709 | D:4      | Killed a phantom
  1710 | D:4      | Gained mutation: You are mostly covered in thin metallic
                  | scales. (AC +3) [demonic ancestry]
  1710 | D:4      | Reached XP level 5. HP: 33/42 MP: 5/5
  1961 | D:4      | Noticed a phantom
  1974 | D:4      | Killed a phantom
  1975 | D:4      | Reached XP level 6. HP: 44/48 MP: 6/6
  2450 | D:5      | Entered Level 5 of the Dungeon
  2563 | D:5      | Reached XP level 7. HP: 53/55 MP: 7/7
  2616 | D:5      | Reached skill level 5 in Fighting
  2961 | D:5      | Reached skill level 5 in Armour
  2961 | D:5      | Reached skill level 5 in Shields
  2961 | D:5      | Reached XP level 8. HP: 57/63 MP: 8/8
  3744 | D:6      | Reached skill level 5 in Axes
  3747 | D:6      | Noticed Sigmund
  3753 | D:6      | Killed Sigmund
  3963 | D:6      | Found a shadowy altar of Dithmenos.
  4120 | D:7      | Found a hazy altar of Hepliaklqana.
  4135 | D:7      | Became a worshipper of Hepliaklqana the Forgotten
  4266 | D:7      | Found a staircase to the Ecumenical Temple.
  4413 | D:7      | Reached skill level 1 in Invocations
  4424 | D:7      | Found a shimmering blue altar of Sif Muna.
  4425 | D:7      | Found a sacrificial altar of Ru.
  4516 | D:7      | Gained mutation: When hurt, damage is shared between your
                  | health and your magic reserves. [demonic ancestry]
  4516 | D:7      | Reached XP level 9. HP: 52/71 MP: 8/10
  4646 | D:7      | Found Oxostru's Armour Shop.
  4851 | D:8      | Reached skill level 2 in Invocations
  4935 | D:8      | Reached skill level 3 in Invocations
  5188 | D:8      | Found a shimmering altar of Xom.
  5251 | D:8      | Reached skill level 4 in Invocations
  5313 | D:8      | Reached * piety under Hepliaklqana
  5879 | D:9      | Reached skill level 5 in Invocations
  5895 | D:9      | Reached skill level 6 in Invocations
  5896 | D:9      | Found a staircase to the Lair.
  6007 | D:9      | Found a runed translucent door.
  6056 | D:9      | Reached XP level 10. HP: 66/71 MP: 12/14
  6108 | D:9      | Found Imofout's Lightly-Used Armoury.
  6111 | D:9      | Bought a -1 hand cannon for 1 gold piece
  6232 | D:9      | Reached skill level 7 in Invocations
  6484 | D:9      | Found a stormy altar of Qazlal.
  6697 | D:9      | Noticed soul19's ghost (novice GnIE)
  6856 | D:9      | Killed soul19's ghost
  6898 | D:10     | Entered Level 10 of the Dungeon
  6898 | D:10     | Noticed a gargoyle
  6970 | D:9      | Reached skill level 8 in Invocations
  7437 | D:10     | Killed a gargoyle
  7548 | D:10     | Found a staircase to the Orcish Mines.
  7643 | D:10     | Found Exem's Weapon Boutique.
  8226 | Lair:1   | Entered Level 1 of the Lair of Beasts
  8274 | Lair:1   | Reached ** piety under Hepliaklqana
  8275 | Lair:1   | Remembered your ancestor FuckDick as a knight
  8303 | Lair:1   | Reached skill level 9 in Invocations
  8424 | Lair:1   | Noticed a cane toad
  8429 | Lair:1   | Killed a cane toad
  8435 | Lair:1   | Lost mutation: A frigid envelope surrounds you and freezes
                  | all who hurt you. [potion of mutation]
  8435 | Lair:1   | Lost mutation: You are covered in fur. (AC +1) [potion of
                  | mutation]
  8435 | Lair:1   | Gained mutation: Your system is resistant to poisons.
                  | (rPois) [potion of mutation]
  8435 | Lair:1   | Gained mutation: Potions are less effective at restoring
                  | your health. [potion of mutation]
  8435 | Lair:1   | Gained mutation: You are covered in fur. (AC +1) [potion of
                  | mutation]
  8473 | Lair:1   | Noticed a cane toad
  8480 | Lair:1   | Killed a cane toad
  8485 | Lair:1   | Gained mutation: You sometimes gain a little power by
                  | taking damage. [demonic ancestry]
  8485 | Lair:1   | Reached XP level 11. HP: 78/78 MP: 18/18
  8513 | Lair:1   | Found a dark tunnel.
  8635 | Volcano  | Entered a volcano
  9246 | Volcano  | Found a radiant altar of Vehumet.
  9246 | Volcano  | Noticed a red ugly thing
  9246 | Volcano  | Noticed a sun demon
  9254 | Volcano  | Killed a red ugly thing
  9255 | Volcano  | Reached skill level 10 in Invocations
  9259 | Volcano  | Killed a sun demon
  9570 | Volcano  | Noticed an orc sorcerer
  9576 | Volcano  | Killed an orc sorcerer
 10429 | Lair:1   | Reached skill level 11 in Invocations
 10482 | Lair:2   | Reached *** piety under Hepliaklqana
 10491 | Lair:2   | Noticed a boulder beetle
 10505 | Lair:2   | Killed a boulder beetle
 10988 | Lair:2   | Reached skill level 12 in Invocations
 11010 | Lair:2   | Found a staircase to the Shoals.
 11020 | Lair:2   | Identified the +3 hand axe "Cyufyadd" {speed, rC+ rN+
                  | Str+2}
 11024 | Lair:2   | Reached XP level 12. HP: 79/86 MP: 21/21
 12733 | Lair:2   | Reached skill level 13 in Invocations
 13105 | Lair:3   | Noticed Snorg
 13120 | Lair:3   | Noticed a death yak
 13122 | Lair:3   | Reached skill level 10 in Fighting
 13127 | Lair:3   | Succumbed to a water moccasin's poison

Illustrated notes

Levels and vault maps discovered:
D:1:      dreamdust_arrival_sigmund_warning, layout_loops_cross,
          minmay_misc_feat_room
D:2:      layout_loops_ring, corexii_item_surrounded_by_moat
D:3:      layout_rooms
D:4:      layout_rooms
D:5:      minmay_diamond_boxcup, layout_loops_ring,
          hangedman_decor_diamond_cutter, kennysheep_flooded_box
D:6:      layout_loops_cross, grunt_dithmenos_shadows, uniq_sigmund
D:7:      layout_loops_cross, mainiacjoe_overflow_chevrons,
          amethyst_overflow_temple_binary, minmay_temple_entry_overgrown,
          serial_shops, shop
D:8:      layout_basic, kennysheep_little_box
D:9:      layout_basic, nicolae_qazlal_style_of_elements, tso_oasis_becter,
          due_lair_maze_entry_diamond, ebering_ghost_reflecting_pool,
          minmay_shop_damaged
D:10:     layout_irregular_city, demons_altar, orc_david_3
Lair:1:   hellmonk_destroyed_diamonds, layout_cave_pods,
          nicolae_volcano_entry_hallway, st_stairs_4
Lair:2:   layout_misc_corridors, elwin_shoals_entry_rocks
Lair:3:   regret_index_tunnel_blossom, layout_loops_ring, spider_nest_entry_a,
          infiniplex_staircase_pool, uniq_snorg, uniq_prince_ribbit2, uniq_sonja

Skill      XL: |  1  2  3  4  5  6  7  8  9 10 11 12 |
---------------+-------------------------------------+-----
Axes           | 2 3 4 5 6 7 8 |  8.8
Armour         | 3 4 5 6 7 8 |  8.9
Shields        | 3 4 5 6 7 8 |  8.9
Fighting       | 4 5 6 7 8 9 10 | 10.0
Invocations    | 1 6 9 12 13 | 13.5

Action                     |  1- 3 |  4- 6 |  7- 9 | 10-12 || total
---------------------------+-------+-------+-------+-------++-------
  Melee: War axe           |    72 |   106 |   208 |   310 ||   696
         Headbutt          |     3 |    12 |    45 |    83 ||   143
         Unarmed           |       |       |       |     7 ||     7
         Punch             |       |       |       |     1 ||     1
   Fire: Hand cannon       |       |       |       |    12 ||    12
 Invoke: Ancestor Life: Kn |       |       |       |     1 ||     1
         Ancestor Identity |       |       |       |     1 ||     1
         Recall Ancestor   |       |       |       |     1 ||     1
    Use: Potion            |     1 |     1 |       |    14 ||    16
         Scroll            |       |     9 |     5 |     3 ||    17
   Stab: Distracted        |       |       |     1 |     1 ||     2
 Armour: Scale mail        |    48 |    45 |   102 |       ||   195
         Chain mail        |       |       |    27 |   124 ||   151
         Plate armour      |       |       |       |   236 ||   236
  Dodge: Dodged            |    55 |    87 |   122 |   238 ||   502
  Block: Buckler           |    15 |    21 |    30 |       ||    66
         Kite shield       |       |       |    43 |   227 ||   270
   Form: Blade             |       |       |       |     1 ||     1

Table legend: (Time is in decaauts)
 A = Elapsed time spent in this place.
 B = Non-inter-level travel time spent in this place.
 C = Inter-level travel time spent in this place.
 D = Time resting spent in this place.
 E = Time spent auto-exploring this place.
 F = Levels seen in this place.
 G = Mean time per level.
                   A        B        C        D        E       F      G
               +--------+--------+--------+--------+--------+-----+--------+
         Total |  13337 |  12460 |    877 |   3269 |   6768 |  14 |  952.6 |
       Dungeon |   8388 |   7610 |    778 |    928 |   5235 |  10 |  838.8 |
          Lair |   3723 |   3625 |     98 |   1519 |   1533 |   3 | 1241.0 |
       Volcano |   1224 |   1224 |      0 |    821 |      0 |   1 | 1224.0 |
               +--------+--------+--------+--------+--------+-----+--------+

Top non-repeatable levels by time:
  Lair:2: 2317 daAuts
     D:9: 1754 daAuts
 Volcano: 1224 daAuts
     D:5: 1073 daAuts
  Lair:1: 1048 daAuts
     D:8: 1047 daAuts
     D:7: 846 daAuts
     D:4: 818 daAuts
     D:2: 804 daAuts
     D:6: 688 daAuts
     D:1: 647 daAuts
     D:3: 416 daAuts
  Lair:3: 357 daAuts
    D:10: 291 daAuts
